 Dungeon Crawl Stone Soup version 0.28.0-43-g3370ac3207 (webtiles) character file.

Game seed: 2328748506888577632

6870 vvl the Skirmisher (level 10, -2/83 HPs)
             Began as a Pale Draconian Transmuter on Mar 10, 2022.
             Was a Priest of Makhleb.
             Slain by a wyvern (11 damage)
             ... on level 9 of the Dungeon.
             The game lasted 00:27:00 (9992 turns).

vvl the Skirmisher (Pale Draconian Transmuter)      Turns: 9992, Time: 00:27:02

Health: -2/83      AC: 12    Str: 14    XL:     10   Next: 78%
Magic:  18/18      EV: 14    Int: 17    God:    Makhleb [***...]
Gold:   327        SH:  5    Dex: 17    Spells: 19/20 levels left

rFire   . . .      SeeInvis .   z - +4 short sword (freeze)
rCold   . . .      Faith    .   e - +0 buckler
rNeg    . . .      Spirit   .   (armour unavailable)
rPois   .          Reflect  .   (helmet currently unavailable)
rElec   .          Harm     .   C - +0 cloak
rCorr   .          Rampage  .   (no gloves)
Will    .....                   (boots currently unavailable)
Stlth   ++........              x - amulet of magic regeneration
HPRegen 0.23/turn               j - +4 ring of protection
MPRegen 0.56/turn               u - +6 ring of dexterity

@: short of breath, appendages, marked
A: horns 2, talons 2, breathe steam, AC +7, unfitting armour, cold-blooded,
steam resistance
a: Breathe Steam, End Transformation, Renounce Religion, Minor Destruction,
Lesser Servant of Makhleb


You were on level 9 of the Dungeon.
You worshipped Makhleb.
Makhleb was most pleased with you.
You had temporarily grown beastly horns and talons.
You visited 2 branches of the dungeon, and saw 10 of its levels.

You collected 487 gold pieces.
You spent 160 gold pieces at shops.

Inventory:

Hand Weapons
 y - a +4 long sword
 z - a +4 short sword of freezing (weapon)
 B - a +3 quarterstaff of chaos
 D - a +3 morningstar of freezing
 E - a +5 flail
 P - a +2 great mace of holy wrath
 S - a +0 flail of pain
Armour
 e - a +0 buckler (worn)
 C - a +0 cloak (worn)
Magical Staves
 l - a staff of death
 M - a staff of conjuration
Jewellery
 j - a +4 ring of protection (left hand)
 q - an amulet of regeneration
 t - a ring of willpower
 u - a +6 ring of dexterity (right hand)
 x - an amulet of magic regeneration (around neck)
 G - a ring of poison resistance
 I - a ring of positive energy
 L - a ring of protection from fire
 O - a +4 ring of evasion
 Q - a ring of see invisible
Wands
 p - a wand of charming (10)
 K - a wand of iceblast (10)
 N - a wand of acid (7)
 R - a wand of flame (7)
Scrolls
 a - 3 scrolls of immolation {unknown}
 c - 4 scrolls of enchant weapon
 g - 4 scrolls of magic mapping
 i - 3 scrolls of vulnerability {unknown}
 k - a scroll of identify {unknown}
 n - 4 scrolls of teleportation {unknown}
 o - 2 scrolls of fear {unknown}
 F - a scroll of noise {unknown}
 H - a scroll of blinking {unknown}
Potions
 b - 6 potions of curing
 d - 2 potions of degeneration {unknown}
 f - 4 potions of mutation {unknown}
 h - 2 potions of lignification {unknown}
 m - a potion of invisibility {unknown}
 r - a potion of might {unknown}
 s - a potion of brilliance {unknown}
 v - 2 potions of flight {unknown}
 w - 2 potions of haste {unknown}
 A - 3 potions of heal wounds
 J - a potion of berserk rage {unknown}


   Skills:
 + Level 6.2 Fighting
 + Level 5.4 Dodging
 - Level 4.0 Shields
 - Level 5.0 Unarmed Combat
 + Level 5.7 Spellcasting
 + Level 4.2 Conjurations
 + Level 5.1 Summonings
 + Level 5.2 Necromancy
 - Level 5.0 Transmutations
 + Level 4.6 Fire Magic
 + Level 1.8 Earth Magic
 + Level 4.6 Invocations


You had 19 spell levels left.
You knew the following spells:

 Your Spells              Type           Power      Damage    Failure   Level
a - Beastly Appendage     Tmut           42%        N/A       2%          1

Your spell library contained the following spells:

 Spells                   Type           Power      Damage    Failure   Level
 Sublimation of Blood     Necr           22%        N/A       3%          2
 Wereblood                Tmut           21%        N/A       3%          2
 Spider Form              Tmut/Pois      13%        N/A       19%         3
 Animate Dead             Necr           11%        N/A       21%         4
 Ensorcelled Hibernation  Hex/Ice        8%         N/A       26%         2
 Anguish                  Hex/Necr       6%         N/A       50%         4
 Ice Form                 Ice/Tmut       13%        N/A       52%         4
 Hailstorm                Conj/Ice       12%        3d5       56%         4
 Borgnjor's Vile Clutch   Necr/Erth      8%         N/A       73%         5
 Death Channel            Necr           11%        N/A       97%         6
 Simulacrum               Ice/Necr       6%         N/A       100%        6
 Summon Hydra             Summ           11%        N/A       100%        7


Dungeon Overview and Level Annotations

Branches:
Dungeon (9/15)             Temple (1/1) D:4
   Lair: D:8-11         Orc: D:9-12

Altars:
Ashenzari
Cheibriados
Dithmenos
Elyvilon
Gozag
Hepliaklqana
Kikubaaqudgha
Makhleb
Nemelex Xobeh
Okawaru
Qazlal
Ru
Sif Muna
Trog
Uskayaw
Vehumet
Wu Jian
Xom
Yredelemnul
Zin
The Shining One

Shops:
D:3 (   D:6 *

Annotations:
D:4 1 runed translucent door, 0gre's ghost, amateur GnCj


Innate Abilities, Weirdness & Mutations

You have temporarily grown beastly horns and talons.
You can breathe blasts of scalding, opaque steam.
Your pale cyan-grey scales are hard. (AC +7)
You cannot fit into any form of body armour.
You are cold-blooded and may be slowed by cold attacks.
You are immune to the effects of steam.


Message History

The hornet is severely wounded.
You feel sick.
The hornet is engulfed in a cloud of scalding steam.
The hornet stings you but does no damage.
The hornet stings you.
* * * LOW HITPOINT WARNING * * *
You are more poisoned.
You feel yourself slow down.
You closely miss the hornet. You claw the hornet.
You kill the hornet!
Makhleb accepts your kill.
You feel better.
You feel yourself speed up.
You feel extremely sick.
Unknown command.
A wyvern comes into view.
You feel very sick.
A yak comes into view.
You feel sick.
You feel sick.
You feel sick.
A scorpion comes into view.
You feel sick.
There is an open door here.
You feel sick.
You have got your breath back.
You feel sick.
You feel sick. You block the wyvern's attack.
Items here: ) [ ††.
You feel sick.
You are no longer poisoned.
Items here: [ †††.
Aiming: Breathe Steam (1% risk of failure)
Press: ? - help, Shift-Dir - straight line, f - wyvern
Aim: a wyvern (74% to hit)
You exhale a blast of scalding steam.
The ball of steam hits the wyvern.
The wyvern is moderately wounded.
The wyvern is engulfed in a cloud of scalding steam.
The wyvern bites you!
You die...

###'########
#.........#
#.........#
#.........#
+.........#
♣♣........+
:♣........#
.♣≈#####†##
####.♣≈#§l@).#
#..†♣♣≈#.#####
#.....≈..# ≈♣
#≈#....≈s#######
≈≈≈#####...≈........#
≈≈≈≈.≈≈...≈.........#
..≈≈≈≈..............#
....................+
.............^......#


You could see a wyvern.

Vanquished Creatures
  A two-headed ogre (D:9)
  3 slime creatures (D:9)
  2 hornets (D:9)
  The ghost of pkoi the Conjurer, an amateur DrCj (D:5)
  Grinder (D:6)
  2 yaks (D:9)
  2 steam dragons
  Duvessa (D:7)
  3 water moccasins
  A black bear (D:7)
  3 orc warriors
  A necrophage (D:5)
  4 ogres
  2 centaurs
  A kobold brigand (D:7)
  A phantom (D:5)
  A wyvern zombie (D:5)
  2 bullfrogs (D:8)
  A scorpion (D:7)
  2 wyvern skeletons (D:7)
  Dowan (D:7)
  A water moccasin skeleton (D:5)
  14 killer bees
  An oklob sapling (D:9)
  7 wights
  A vampire bat (D:8)
  4 howler monkeys
  2 quasits (D:5)
  3 jellies
  6 hounds
  2 bullfrog skeletons (D:6)
  A centaur skeleton (D:7)
  An orc priest (D:9)
  Crazy Yiuf (D:6)
  3 iguanas
  7 orc wizards
  A howler monkey skeleton (D:4)
  14 adders
  A shadow imp (D:7)
  A white imp (D:7)
  An adder skeleton (D:4)
  4 worms
  2 dart slugs
  16 orcs
  13 ball pythons
  9 bats
  4 endoplasms
  3 giant cockroaches
  4 goblins
  9 hobgoblins
  10 jackals
  8 kobolds
  3 quokkas
  2 frilled lizards
  7 rats
202 creatures vanquished.

Vanquished Creatures (others)
  An ogre (D:5)
  9 plants (D:9)
10 creatures vanquished.

Grand Total: 212 creatures vanquished

Notes
Turn   | Place    | Note
-------+----------+-------------------------------------------
     0 | D:1      | vvl the Draconian Transmuter began the quest for the Orb.
     0 | D:1      | Reached XP level 1. HP: 16/16 MP: 3/3
   198 | D:1      | Reached XP level 2. HP: 19/23 MP: 3/5
   952 | D:1      | Found a faded altar of an unknown god.
   964 | D:1      | Reached XP level 3. HP: 19/28 MP: 4/6
  1646 | D:2      | Found a basalt altar of Yredelemnul.
  2093 | D:2      | Reached skill level 2 in Fighting
  2093 | D:2      | Reached XP level 4. HP: 23/36 MP: 7/7
  2716 | D:3      | Reached skill level 1 in Shields
  2828 | D:3      | Found a radiant altar of Vehumet.
  2973 | D:3      | Found Nuickast's Antique Weapon Emporium.
  3016 | D:3      | Found a sacrificial altar of Ru.
  3082 | D:3      | Reached XP level 5. HP: 40/41 MP: 9/9
  3340 | D:3      | Found an iron altar of Okawaru.
  3438 | D:3      | Found a burning altar of Makhleb.
  3440 | D:3      | Noticed a blizzard demon
  3444 | D:3      | Noticed a smoke demon
  3444 | D:3      | Noticed a neqoxec
  3721 | D:3      | Became a worshipper of Makhleb the Destroyer
  3837 | D:4      | Found a staircase to the Ecumenical Temple.
  3935 | D:4      | Found a runed translucent door.
  4032 | D:4      | Noticed 0gre's ghost (amateur GnCj)
  4072 | Temple   | Entered the Ecumenical Temple
  4293 | D:4      | Reached skill level 1 in Necromancy
  4293 | D:4      | Reached XP level 6. HP: 49/50 MP: 8/10
  4461 | D:4      | Found a hazy altar of Hepliaklqana.
  4866 | D:5      | Entered Level 5 of the Dungeon
  4869 | D:5      | Found a broken altar of Ashenzari.
  4907 | D:5      | Reached skill level 1 in Summonings
  4916 | D:5      | Reached skill level 3 in Fighting
  5022 | D:5      | Reached * piety under Makhleb
  5023 | D:5      | Your scales start taking on a pale cyan-grey colour.
  5023 | D:5      | Reached XP level 7. HP: 47/57 MP: 10/12
  5023 | D:5      | Gained mutation: You are immune to the effects of steam.
                  | [Pale Draconian growth]
  5204 | D:5      | Found a transporter.
  5207 | D:5      | Noticed pkoi's ghost (amateur DrCj)
  5317 | D:5      | Found a transporter.
  5971 | D:5      | Killed pkoi's ghost
  5972 | D:5      | Reached XP level 8. HP: 57/66 MP: 11/13
  6069 | D:6      | Reached skill level 4 in Fighting
  6857 | D:6      | Reached skill level 1 in Conjurations
  6857 | D:6      | Reached skill level 1 in Fire Magic
  6857 | D:6      | Reached skill level 1 in Invocations
  6962 | D:6      | Found Ehydghez's General Store.
  6971 | D:6      | Bought a scroll of enchant weapon for 75 gold pieces
  6971 | D:6      | Bought a potion of heal wounds for 50 gold pieces
  6971 | D:6      | Bought a scroll of magic mapping for 35 gold pieces
  7004 | D:6      | Noticed Grinder
  7024 | D:6      | Killed Grinder
  7025 | D:6      | Reached skill level 5 in Unarmed Combat
  7177 | D:6      | Found a runed translucent door.
  7178 | D:6      | Noticed Crazy Yiuf
  7252 | D:6      | Found a sparkling altar of Nemelex Xobeh.
  7260 | D:6      | Reached XP level 9. HP: 72/72 MP: 15/15
  7292 | D:6      | Found a basalt altar of Yredelemnul.
  7377 | D:6      | Killed Crazy Yiuf
  7694 | D:7      | Reached ** piety under Makhleb
  7716 | D:7      | Found a large runed translucent door.
  7717 | D:7      | Found a large runed translucent door.
  7974 | D:7      | Reached skill level 5 in Fighting
  8242 | D:7      | Reached skill level 5 in Transmutations
  8297 | D:7      | Noticed Dowan
  8299 | D:7      | Noticed Duvessa
  8310 | D:7      | Killed Duvessa
  8311 | D:7      | Killed Dowan
  8390 | D:7      | Found an ornate altar of the Wu Jian Council.
  8403 | D:7      | Found a snail-covered altar of Cheibriados.
  8487 | D:8      | Reached skill level 5 in Spellcasting
  8504 | D:8      | Reached XP level 10. HP: 26/81 MP: 17/17
  8839 | D:8      | Reached *** piety under Makhleb
  9237 | D:8      | Found a white marble altar of Elyvilon.
  9455 | D:9      | Noticed a two-headed ogre
  9462 | D:9      | Killed a two-headed ogre
  9463 | D:9      | Reached skill level 5 in Dodging
  9663 | D:9      | Reached skill level 1 in Earth Magic
  9797 | D:9      | Reached skill level 6 in Fighting
  9857 | D:9      | Reached skill level 5 in Necromancy
  9894 | D:9      | Reached skill level 5 in Summonings
  9992 | D:9      | Slain by a wyvern

Illustrated notes

Levels and vault maps discovered:
D:1:      heliophobic_arrival_ceremonial_halls, layout_basic,
          hellmonk_ecumenical_altar_dog_temple, serial_bayou_pond_e,
          minmay_pentomino_q4
D:2:      layout_loops_cross, basic_altar
D:3:      layout_loops_ring, nicolae_overflow_crystal_walls,
          makhleb_altar_promises_db, hangedman_ru_absence, lemuel_round_altar,
          serial_shops, shop, minmay_stone_trees_small, kennysheep_another_room,
          nicolae_concentric_dashed_squares_wild, kennysheep_flooded_box
D:4:      layout_cave_pods, mainiacjoe_overflow_six_doors_small,
          minmay_temple_entry_statues_fountains, ebering_ghost_reflecting_pool
D:5:      layout_rooms, ashenzari_conservatory_becter,
          gammafunk_ghost_stat_death, lemuel_old_faithful
D:6:      layout_rooms, nemelex_dance_club_becter, mainiacjoe_overflow_brackets,
          serial_shops, nicolae_square_shop, minivault_23,
          uniq_crazy_yiuf_cottage, uniq_grinder
D:7:      layout_loops_ring, jmf_multi_god_temple2, uniq_duvessa
D:8:      wad_pebble_path, layout_rooms, amcnicky_altar_gilded, roderic_batcave
D:9:      layout_roguey, introduction_to_nature_1
Temple:   compressed_dpeg_circular_temple

Skill      XL: |  1  2  3  4  5  6  7  8  9 10 |
---------------+-------------------------------+-----
Dodging        | 2 3 4 5 |  5.4
Fighting       | 2 3 4 5 6 |  6.2
Shields        | 1 2 3 4 |  4.0
Transmutations | 3 4 5 |  5.0
Spellcasting   | 3 4 5 |  5.7
Necromancy     | 1 2 3 4 5 |  5.2
Unarmed Combat | 4 5 |  5.0
Summonings     | 1 2 3 4 5 |  5.1
Conjurations   | 1 3 4 |  4.2
Fire Magic     | 1 3 4 |  4.6
Invocations    | 1 3 4 |  4.6
Earth Magic    | 1 |  1.8

Action                   |  1- 3 |  4- 6 |  7- 9 | 10-12 || total
-------------------------+-------+-------+-------+-------++-------
Melee: Unarmed           |    45 |       |       |       ||    45
       Tailslap          |    13 |    16 |    37 |    14 ||    80
       Kick              |    15 |    34 |    69 |    36 ||   154
       Headbutt          |     8 |    24 |    38 |    18 ||    88
       Whip              |    94 |   136 |   108 |       ||   338
       Short sword       |       |       |    99 |   123 ||   222
 Cast: Beastly Appendage |    22 |    34 |    33 |    17 ||   106
Invok: Minor Destruction |       |       |       |     2 ||     2
 Abil: Breathe Steam     |       |       |    18 |    15 ||    33
Evoke: Wand              |       |       |       |     2 ||     2
  Use: Potion            |     1 |       |       |       ||     1
 Stab: Sleeping          |     1 |       |     5 |       ||     6
Armor: Skin              |    64 |    47 |   119 |    44 ||   274
Dodge: Dodged            |    91 |    74 |   171 |    83 ||   419
Block: Buckler           |    19 |    17 |    69 |    45 ||   150
